 Dungeon Crawl Stone Soup version 0.26-a0-40-gfe7b5d5 (webtiles) character file.

Game seed: 15161674843562038240, levelgen mode: deterministic

1498 Ayyar the Poker (level 9, 0/69 HPs)
             Began as a Formicid Abyssal Knight on May 31, 2020.
             Was a Believer of Lugonu.
             Slain by an iguana (9 damage)
             ... on level 7 of the Dungeon.
             The game lasted 00:33:55 (8289 turns).

Ayyar the Poker (Formicid Abyssal Knight)           Turns: 8289, Time: 00:33:55

Health: 0/69       AC:  9    Str: 19    XL:     9   Next: 8%
Magic:  13/13      EV:  8    Int: 13    God:    Lugonu [**....]
Gold:   161        SH:  0    Dex: 10    Spells: 8/8 levels left

rFire    . . .     SeeInvis +   a - +1 spear
rCold    . . .     Gourm    .   (no shield)
rNeg     . . .     Faith    .   l - +0 chain mail
rPois    .         Spirit   .   (helmet unavailable)
rElec    .         Reflect  .   (no cloak)
rCorr    .         Harm     .   (no gloves)
MR       .....                  (no boots)
Stlth    ..........             (no amulet)
HPRegen  0.21/turn              k - ring of teleportation (curse)
MPRegen  0.13/turn              (no ring)

@: no status effects
A: permanent stasis, dig shafts and tunnels, four strong arms, antennae 3
a: Dig, Shaft Self, Depart the Abyss, Bend Space, Renounce Religion


You were on level 7 of the Dungeon.
You worshipped Lugonu.
Lugonu was pleased with you.
You were not hungry.

You visited 1 branch of the dungeon, and saw 7 of its levels.
You visited the Abyss 1 time.

You collected 331 gold pieces.
You spent 170 gold pieces at shops.

Inventory:

Hand Weapons
 a - a +1 spear (weapon)
Missiles
 p - 3 curare-tipped darts
 z - 15 poisoned darts (quivered)
Armour
 l - a +0 chain mail (worn)
 y - a +0 cloak
Jewellery
 k - a cursed ring of teleportation (left hand)
Wands
 B - a wand of digging (5)
Scrolls
 b - a scroll of amnesia {unknown}
 d - 8 scrolls of identify
 e - 2 scrolls of fear {unknown}
 f - 3 scrolls of remove curse {unknown}
 g - a scroll of random uselessness {unknown}
 h - a scroll of fog {unknown}
 i - a scroll of immolation {unknown}
 m - a scroll of blinking {unknown}
 r - a scroll of noise {unknown}
 s - 5 scrolls of teleportation
 u - 2 scrolls of enchant weapon {unknown}
 x - 2 scrolls of magic mapping {unknown}
Potions
 j - 2 potions of heal wounds
 n - a potion of flight {unknown}
 o - 3 potions of brilliance {unknown}
 q - 4 potions of cancellation
 t - 2 potions of resistance {unknown}
 v - 6 potions of curing
 w - a potion of invisibility {unknown}
 A - a potion of stabbing {unknown}
Comestibles
 c - 11 rations
 C - 3 chunks of flesh


   Skills:
 + Level 5.8 Fighting
 * Level 6.3 Polearms
 + Level 2.0 Throwing
 + Level 4.9 Armour
 + Level 3.7 Dodging
 + Level 5.4 Invocations


You had 8 spell levels left.
You didn't know any spells.
Your spell library contained the following spells:

 Spells                   Type           Power        Failure   Level  Hunger
 Corona                   Hex            #......      97%         1    ##.....
 Ensorcelled Hibernation  Hex/Ice        #.....       99%         2    ###....
 Confusing Touch          Hex            #.......     100%        3    ####...
 Dazzling Flash           Conj/Hex       #.....       100%        3    ####...
 Tukima's Dance           Hex            #.......     100%        3    ####...


Dungeon Overview and Level Annotations

Branches:
Dungeon (7/15)             Temple (0/1) D:5

Altars:
Elyvilon
Kikubaaqudgha
Makhleb
Qazlal
Ru
Wu Jian
Zin

Shops:
D:4 !


Innate Abilities, Weirdness & Mutations

You cannot be hasted, slowed, berserked, paralysed or teleported.
You can dig through walls and to a lower floor.
Your four strong arms can wield two-handed weapons with a shield.
You have a pair of large antennae on your head. (SInv)


Message History

The iguana bites you but does no damage.
You hit the iguana but do no damage.
The iguana is almost dead.
The iguana closely misses you.
You hit the iguana but do no damage.
The iguana is almost dead.
The iguana barely misses you.
You hit the iguana but do no damage.
The iguana is almost dead.
You closely miss the iguana.
The iguana is almost dead.
The iguana bites you!
* * * LOW HITPOINT WARNING * * *
You hit the iguana but do no damage.
The iguana is almost dead.
The iguana barely misses you.
You hit the iguana.
The iguana is almost dead.
The iguana bites you!
You die...

#...##≈#.........
#....#≈#.........
####..≈..........
#..≈.........#
##.≈......###
##≈#.....# { #≈#.....#
##########.l...#
#####......####@####
+#...#.......###'######
......................#
......................+
......≈§..≈...≈...≈...#
.......§..............#
+####...≈...≈...≈.....#
......................#
####..≈...≈..§≈...≈...#


You could see an iguana.

Vanquished Creatures
  Pikel (D:7)
  Prince Ribbit (D:6)
  Eustachio (D:6)
  2 ice beasts (D:5)
  A bullfrog (D:3)
  2 scorpions
  A crimson imp (D:5)
  A bullfrog skeleton (D:3)
  A centaur skeleton (D:4)
  An iguana (D:5)
  A worker ant (D:6)
  3 gnolls
  9 adders
  A shadow imp (D:5)
  An ooze (D:2)
  2 dart slugs (D:1)
  3 leopard geckos (D:1)
  14 orcs
  5 ball pythons
  8 bats
  A giant cockroach (D:4)
  7 hobgoblins
  7 jackals (D:4)
  2 quokkas
  6 frilled lizards
  10 goblins
  9 kobolds
  A leopard gecko zombie (D:5)
  7 rats
109 creatures vanquished.

Vanquished Creatures (others)
  An orc (D:7)
1 creature vanquished.

Grand Total: 110 creatures vanquished

Notes
Turn   | Place    | Note
-------+----------+-------------------------------------------
     0 | Abyss:1  | Ayyar the Formicid Abyssal Knight began the quest for the
                  | Orb.
     0 | Abyss:1  | Reached XP level 1. HP: 18/18 MP: 2/2
    43 | Abyss:1  | Noticed a small abomination
    48 | Abyss:1  | Noticed a small abomination
    53 | Abyss:1  | Noticed a small abomination
    54 | Abyss:1  | Noticed a hungry ghost
    61 | D:1      | Escaped the Abyss
   197 | D:1      | Reached skill level 1 in Dodging
   381 | D:1      | Reached XP level 2. HP: 24/24 MP: 3/3
   499 | D:1      | Reached * piety under Lugonu
   608 | D:1      | Reached XP level 3. HP: 18/29 MP: 4/4
  1442 | D:2      | Found an ancient bone altar of Kikubaaqudgha.
  1442 | D:2      | Found an ornate altar of the Wu Jian Council.
  1442 | D:2      | Found a white marble altar of Elyvilon.
  1609 | D:2      | Reached XP level 4. HP: 21/37 MP: 4/6
  1805 | D:2      | Found a stormy altar of Qazlal.
  1986 | D:2      | Found a faded altar of an unknown god.
  2452 | D:3      | Noticed a bullfrog
  2464 | D:3      | Killed a bullfrog
  2464 | D:3      | Reached skill level 3 in Polearms
  2464 | D:3      | Reached XP level 5. HP: 34/42 MP: 7/7
  2560 | D:3      | Found a sacrificial altar of Ru.
  2743 | D:3      | Reached ** piety under Lugonu
  3299 | D:4      | Reached XP level 6. HP: 46/48 MP: 8/8
  3435 | D:4      | Found a burning altar of Makhleb.
  3439 | D:4      | Found a glowing silver altar of Zin.
  3440 | D:4      | Noticed an angel
  3440 | D:4      | Noticed a green death
  3746 | D:4      | Found Seuniuzyism's Distillery.
  3776 | D:4      | Bought a potion of degeneration for 10 gold pieces
  3776 | D:4      | Bought a potion of heal wounds for 50 gold pieces
  3776 | D:4      | Bought a potion of curing for 30 gold pieces
  3776 | D:4      | Bought a potion of cancellation for 80 gold pieces
  4330 | D:4      | Reached skill level 4 in Polearms
  5002 | D:5      | Entered Level 5 of the Dungeon
  5074 | D:5      | Reached XP level 7. HP: 32/55 MP: 9/9
  6370 | D:5      | Reached skill level 5 in Polearms
  6681 | D:5      | Reached skill level 5 in Fighting
  6713 | D:5      | Found a staircase to the Ecumenical Temple.
  7049 | D:6      | Noticed Prince Ribbit
  7068 | D:6      | Killed Prince Ribbit
  7068 | D:6      | Reached XP level 8. HP: 45/62 MP: 11/11
  7413 | D:6      | Noticed Eustachio
  7464 | D:6      | Killed Eustachio
  8105 | D:7      | Noticed Pikel
  8192 | D:7      | Killed Pikel
  8192 | D:7      | Reached skill level 6 in Polearms
  8192 | D:7      | Reached skill level 5 in Invocations
  8192 | D:7      | Reached XP level 9. HP: 16/69 MP: 11/13
  8289 | D:7      | Slain by an iguana

Illustrated notes

Levels and vault maps discovered:
D:1:      dpeg_arrival_lava_altar, layout_loops_ring,
          chequers_serial_rivers_marsh, minivault_4
D:2:      layout_loops_ring, overflow_temple_1_default,
          gammafunk_temple_overflow_forgotten, chequers_ecumenical_altar_lobes,
          first_ration
D:3:      layout_basic, nicolae_ru_sacrificial_ziggurat
D:4:      layout_layer_cave, grunt_temple_overflow_order_and_chaos_2,
          serial_shops, nicolae_shop_temple_entry_statues_fountains
D:5:      layout_basic, temple_doors_e
D:6:      layout_basic, uniq_eustachio, uniq_prince_ribbit1
D:7:      layout_basic, serial_rivers, chequers_serial_rivers_large_b,
          chequers_serial_rivers_room_b, chequers_serial_rivers_micro_a,
          chequers_serial_rivers_micro_d, grunt_ogre_cave,
          chequers_serial_rivers_small_3, kennysheep_crisscross, uniq_pikel,
          uniq_crazy_yiuf_cottage

Skill      XL: |  1  2  3  4  5  6  7  8 |
---------------+-------------------------+-----
Dodging        | 1 2 3 |  3.7
Fighting       | 4 5 |  5.8
Polearms       | 3 4 5 6 |  6.3
Armour         | 3 4 |  4.9
Invocations    | 3 4 5 |  5.4
Throwing       | 2 |  2.0

Action                   |  1- 3 |  4- 6 |  7- 9 || total
-------------------------+-------+-------+-------++-------
Melee: Spear             |   166 |   275 |   307 ||   748
Throw: Dart              |       |     1 |    11 ||    12
Invok: Depart the Abyss  |     1 |       |       ||     1
 Abil: Dig               |     1 |       |       ||     1
  Use: Scroll            |       |     1 |     1 ||     2
       Potion            |       |     1 |     1 ||     2
  Eat: Chunk             |     2 |     9 |     6 ||    17
       Ration            |       |     1 |     1 ||     2
Armor: Leather armour    |    32 |       |       ||    32
       Chain mail        |    19 |   127 |    99 ||   245
Dodge: Dodged            |    66 |    85 |    94 ||   245

Table legend:
 A = Non-vault XP
 B = Vault XP
 C = Vault XP percentage of total XP
 D = Non-vault monster count
 E = Vault monster count
 F = Vault count percentage of total count
                 A         B        C        D         E       F
            +---------+---------+-------+---------+---------+-------
      Total |    1015 |    1126 |  52.6 |     107 |       3 |   2.7
            +---------+---------+-------+---------+---------+-------
        D:1 |      56 |       0 |   0.0 |      31 |       0 |   0.0
        D:2 |      39 |       0 |   0.0 |      13 |       0 |   0.0
        D:3 |     170 |       0 |   0.0 |      19 |       0 |   0.0
        D:4 |     217 |       0 |   0.0 |      22 |       0 |   0.0
        D:5 |     488 |       0 |   0.0 |      16 |       0 |   0.0
        D:6 |      43 |     441 |  91.1 |       5 |       2 |  28.6
        D:7 |       2 |     685 |  99.7 |       1 |       1 |  50.0
            +---------+---------+-------+---------+---------+-------
